 Dungeon Crawl Stone Soup version 0.31-a0-1265-gaa4636e842 (webtiles) character file.

Game seed: 4047277854368877627

9814 mopl the Trooper (level 11, -8/84 HPs)
             Began as a Demonspawn Fighter on Dec 16, 2023.
             Was a Priest of Makhleb.
             Mangled by a troll (10 damage)
             ... on level 10 of the Dungeon.
             The game lasted 00:12:23 (8524 turns).

mopl the Trooper (Demonspawn Fighter)               Turns: 8524, Time: 00:12:23

Health: -8/84      AC: 20    Str: 21    XL:     11   Next: 28%
Magic:  0/16       EV: 11    Int:  9    God:    Makhleb [***...]
Gold:   124        SH:  9    Dex: 12    Spells: 10/10 levels left

rFire   . . .        a - +5 Maxwell's thermic engine {flame, freeze, rev}
rCold   . . .        g - +0 kite shield
rNeg    . . .        P - +0 swamp dragon scales
rPois   +            r - +2 hat
rElec   .            D - +0 cloak {rCorr}
rCorr   +            k - +0 pair of gloves
SInv    .            (no boots)
Will    +....        c - amulet of guardian spirit
Stlth   +            N - ring of willpower
HPRegen 0.34/turn    S - +4 ring of protection
MPRegen 0.15/turn

%: guardian spirit
@: no status effects
A: hooves 1, icy blue scales 2, ignite blood 1
a: Renounce Religion, Minor Destruction, Lesser Servant of Makhleb


You were on level 10 of the Dungeon.
You worshipped Makhleb.
Makhleb was most pleased with you.
You visited 2 branches of the dungeon, and saw 11 of its levels.

You collected 1041 gold pieces.
You spent 917 gold pieces at shops.

Inventory:

Hand Weapons
 a - the +5 Maxwell's thermic engine (weapon) {flame, freeze, rev}
   (You bought it in a shop on level 5 of the Dungeon)
Missiles
 b - 5 boomerangs
 x - 25 poisoned darts (quivered)
 O - a throwing net
 R - a curare-tipped dart
Armour
 g - a +0 kite shield (worn)
 k - a +0 pair of gloves (worn)
 r - a +2 hat (worn)
 y - a +2 chain mail of willpower
 D - a +0 cloak of preservation (worn)
 P - +0 swamp dragon scales (worn)
Jewellery
 c - an amulet of guardian spirit (around neck)
 j - a ring of wizardry
 C - a ring of resist corrosion
 J - a ring of poison resistance
 N - a ring of willpower (left hand)
 S - a +4 ring of protection (right hand)
Wands
 F - a wand of paralysis (8)
Scrolls
 e - 11 scrolls of identify {unknown}
 f - 5 scrolls of teleportation {unknown}
 l - 4 scrolls of amnesia {unknown}
 p - a scroll of enchant weapon {unknown}
 s - 4 scrolls of fear {unknown}
 u - 3 scrolls of poison {unknown}
 v - a scroll of fog {unknown}
 w - 3 scrolls of revelation {unknown}
 A - 4 scrolls of blinking {unknown}
 E - 2 scrolls of vulnerability {unknown}
 I - a scroll of summoning {unknown}
 M - 3 scrolls of immolation {unknown}
Potions
 d - 4 potions of might
 h - 6 potions of attraction
 i - 3 potions of enlightenment {unknown}
 m - 3 potions of brilliance {unknown}
 n - a potion of lignification {unknown}
 o - 2 potions of haste {unknown}
 q - a potion of invisibility {unknown}
 t - a potion of heal wounds {unknown}
 z - 5 potions of curing
 B - a potion of ambrosia {unknown}
 G - a potion of magic {unknown}
 K - 2 potions of degeneration {unknown}
 L - a potion of cancellation {unknown}
 Q - a potion of berserk rage {!q}
Miscellaneous
 H - a tin of tremorstones (2/2)


   Skills:
 + Level 7.2 Fighting
 * Level 6.7 Long Blades
 - Level 4.8 Axes
 + Level 4.7 Throwing
 + Level 6.4 Armour
 + Level 5.6 Dodging
 + Level 5.5 Shields
 + Level 6.9 Invocations
 + Level 5.2 Evocations


You had 10 spell levels left.
You didn't know any spells.
Your spell library contained the following spells:

 Spells                   Type           Power      Damage    Failure   Level
 Foxfire                  Conj/Fire      0%         2x1d4     80%         1
 Kiss of Death            Conj/Necr      0%         2d5       80%         1
 Sublimation of Blood     Necr           0%         N/A       91%         2
 Confusing Touch          Hex            0%         N/A       99%         3
 Frozen Ramparts          Ice            0%         1d1       99%         3
 Summon Guardian Golem    Hex/Summ       0%         N/A       99%         3
 Dispel Undead            Necr           0%         3d6       100%        4
 Leda's Liquefaction      Tmut/Erth      0%         N/A       100%        4
 Petrify                  Tmut/Erth      0%         N/A       100%        4
 Irradiate                Conj/Tmut      0%         3d11      100%        5
 Lee's Rapid Deconstruct  Erth           0%         3d4*      100%        5
 Metabolic Englaciation   Hex/Ice        0%         N/A       100%        5
 Bombard                  Conj/Erth      0%         9d1       100%        6
 Plasma Beam              Fire/Air       0%         2x1d10    100%        6
 Starburst                Conj/Fire      0%         6d3       100%        6
 Orb of Destruction       Conj           0%         9d5       100%        7
 Spellforged Servitor     Conj/Summ      0%         N/A       100%        7


Dungeon Overview and Level Annotations

Branches:
Dungeon (10/15)            Temple (1/1) D:4
   Lair: D:8-11         Orc: D:9-12

Altars:
Ashenzari
Cheibriados
Dithmenos
Fedhas
Gozag
Hepliaklqana
Kikubaaqudgha
Makhleb
Nemelex Xobeh
Okawaru
Qazlal
Ru
Sif Muna
Trog
Uskayaw
Vehumet
Wu Jian
Xom
Yredelemnul

Shops:
D:1 *   D:5 (   D:6 !   D:8 *


Innate Abilities, Weirdness & Mutations

You have large cloven feet.
You are mostly covered in icy blue scales. (AC +3)
Your demonic aura sometimes causes spilled blood to erupt in flames.


Message History

The two-headed ogre is heavily wounded.
You block the two-headed ogre's attack.
The two-headed ogre hits you with a +0 giant club!!
The troll bites you. The troll claws you but does no damage.
The troll barely misses you.
You slash the two-headed ogre! You burn the two-headed ogre.
You freeze the two-headed ogre. Your kick misses the two-headed ogre.
The two-headed ogre is almost dead.
The troll bites you.
* * * LOW HITPOINT WARNING * * *
The troll claws you but does no damage. The troll closely misses you.
The two-headed ogre hits you with a +0 giant club!
* * * LOW HITPOINT WARNING * * *
The two-headed ogre hits you with a +0 giant club!
* * * LOW HITPOINT WARNING * * *
You hit the two-headed ogre. You burn the two-headed ogre.
You kill the two-headed ogre!
Makhleb accepts your kill. You block the troll's attack.
The troll claws you but does no damage. The troll barely misses you.
You feel better. The troll bites you but does no damage. The troll claws you.
* * * LOW HITPOINT WARNING * * *
The troll claws you!
* * * LOW HITPOINT WARNING * * *
You slash the troll! You burn the troll. You freeze the troll.
You kick the troll, but do no damage.
The troll is heavily wounded.
The troll bites you but does no damage. The troll claws you but does no damage.
You block the troll's attack.
A wight comes into view. It is wielding a +3 mace.
The troll bites you but does no damage. The troll claws you!
* * * LOW HITPOINT WARNING * * *
The troll claws you but does no damage.
Unknown command.
You hit the troll but do no damage. You freeze the troll.
Your kick misses the troll.
The troll is heavily wounded.
The troll is engulfed in blazing flames.
The troll bites you!
You die...

..## #....# #.........
#...# ##.?.......
#####...# #..........
........# #.$........
........# #....?.....
.....[..# #..!....$..
#.......# #..T.......
#.......# #.○@)......
#.......######.....#####
#..................#
#..................#
#........z.........#
...................#
.........###+##....###
.........#....#......#
####.....#....#......#


You could see a troll and a wight.

Vanquished Creatures
  3 two-headed ogres
  A deep elf pyromancer (D:8)
  2 ugly things
  A cyclops (D:6)
  Maggie (D:8)
  3 trolls
  Grinder (D:6)
  2 hornets
  A shadow (D:10)
  A wyvern (D:9)
  A steam dragon (D:9)
  A vampire mosquito (D:8)
  5 ice beasts
  A water moccasin (D:8)
  2 orc warriors
  3 black bears (D:7)
  5 ogres
  3 centaurs
  A phantom (D:6)
  A kobold brigand (D:9)
  5 bullfrogs
  2 gnoll sergeants (D:7)
  3 scorpions (D:6)
  3 wights (D:8)
  14 killer bees
  A howler monkey (D:6)
  7 jellies
  A gnoll bouda (D:7)
  6 orc priests
  3 hounds
  2 sleepcaps
  Natasha (thrice) (D:2)
  5 iguanas
  4 orc wizards
  16 gnolls
  9 adders
  3 shadow imps
  4 white imps
  2 ufetubi (D:7)
  5 worms
  3 dart slugs
  21 orcs
  2 ball pythons
  6 endoplasms
  A giant cockroach (D:2)
  A goblin (D:2)
  3 hobgoblins
  2 jackals (D:1)
  A quokka (D:2)
  2 bats
  A frilled lizard (D:2)
  6 kobolds
  A rat (D:1)
187 creatures vanquished.

Notes
Turn   | Place    | Note
-------+----------+-------------------------------------------
     0 | D:1      | mopl the Demonspawn Fighter began the quest for the Orb.
     0 | D:1      | Reached XP level 1. HP: 18/18 MP: 1/1
    93 | D:1      | Reached skill level 2 in Axes
   207 | D:1      | Gained mutation: You have large cloven feet. [demonic
                  | ancestry]
   207 | D:1      | Reached XP level 2. HP: 19/24 MP: 2/2
   302 | D:1      | Found Fikhown's Assorted Antiques.
   309 | D:1      | Bought a sapphire potion for 20 gold pieces
   915 | D:2      | Reached XP level 3. HP: 25/29 MP: 3/3
   943 | D:2      | Reached skill level 3 in Armour
  1097 | D:2      | Noticed Natasha
  1109 | D:2      | Killed Natasha
  1110 | D:2      | Reached skill level 1 in Dodging
  1260 | D:2      | Gained mutation: Your demonic aura sometimes causes spilled
                  | blood to erupt in flames. [demonic ancestry]
  1260 | D:2      | Reached XP level 4. HP: 31/35 MP: 4/4
  1266 | D:2      | Found a faded altar of an unknown god.
  1332 | D:2      | Noticed Natasha
  1343 | D:2      | Killed Natasha
  1344 | D:2      | Reached skill level 3 in Axes
  1382 | D:2      | Noticed Natasha
  1411 | D:1      | Bought a scroll labelled JUG USTACRISY for 23 gold pieces
  1411 | D:1      | Bought a scroll labelled OTWIORROBO for 23 gold pieces
  1411 | D:1      | Bought a scroll labelled NOTANKIENG for 23 gold pieces
  1442 | D:2      | Killed Natasha
  1987 | D:4      | Noticed an ogre
  1991 | D:4      | Killed an ogre
  1992 | D:4      | Reached XP level 5. HP: 42/42 MP: 5/5
  2015 | D:4      | Reached skill level 2 in Dodging
  2021 | D:4      | Reached skill level 4 in Fighting
  2056 | D:4      | Gained mutation: You are partially covered in icy blue
                  | scales. (AC +2) [demonic ancestry]
  2056 | D:4      | Reached XP level 6. HP: 38/48 MP: 6/6
  2067 | D:4      | Reached skill level 4 in Axes
  2230 | D:4      | Found a staircase to the Ecumenical Temple.
  2273 | Temple   | Entered the Ecumenical Temple
  2290 | Temple   | Became a worshipper of Makhleb the Destroyer
  2638 | D:5      | Entered Level 5 of the Dungeon
  2733 | D:5      | Noticed an ice beast
  2749 | D:5      | Killed an ice beast
  2750 | D:5      | Reached skill level 4 in Armour
  2750 | D:5      | Reached skill level 1 in Invocations
  2750 | D:5      | Reached XP level 7. HP: 39/55 MP: 7/7
  2888 | D:5      | Reached skill level 1 in Throwing
  2888 | D:5      | Reached skill level 1 in Evocations
  2957 | D:5      | Found a bloodstained altar of Trog.
  3095 | D:5      | Found Sirphoudi's Weapon Shoppe.
  3404 | D:6      | Reached skill level 3 in Dodging
  3404 | D:6      | Reached skill level 2 in Invocations
  3487 | D:6      | Reached skill level 1 in Long Blades
  3495 | D:6      | Gained mutation: You are mostly covered in icy blue scales.
                  | (AC +3) [demonic ancestry]
  3495 | D:6      | Reached XP level 8. HP: 46/61 MP: 9/9
  3541 | D:6      | Reached skill level 3 in Shields
  3550 | D:6      | Reached * piety under Makhleb
  3559 | D:6      | Reached skill level 2 in Long Blades
  3560 | D:6      | Reached skill level 5 in Fighting
  3560 | D:6      | Reached skill level 2 in Evocations
  3695 | D:6      | Reached skill level 2 in Throwing
  3695 | D:6      | Reached skill level 3 in Invocations
  3828 | D:6      | Found Egussod's Distillery.
  4259 | D:7      | Reached skill level 3 in Long Blades
  4325 | D:8      | Found Jeoven's Assorted Antiques.
  4502 | D:7      | Reached ** piety under Makhleb
  4503 | D:7      | Reached XP level 9. HP: 12/68 MP: 2/11
  4695 | D:7      | Reached skill level 5 in Armour
  4695 | D:7      | Reached skill level 4 in Invocations
  4801 | D:7      | You fall into a shaft and drop 1 floor!
  4839 | D:8      | Reached skill level 4 in Dodging
  4839 | D:8      | Reached skill level 3 in Evocations
  5186 | D:6      | Reached skill level 3 in Throwing
  5186 | D:6      | Reached skill level 4 in Shields
  5196 | D:6      | Noticed a troll
  5196 | D:6      | Noticed a troll
  5202 | D:6      | Reached skill level 4 in Long Blades
  5206 | D:6      | Killed a troll
  5211 | D:6      | Killed a troll
  5212 | D:6      | Reached skill level 6 in Fighting
  5222 | D:6      | Noticed Grinder
  5233 | D:6      | Killed Grinder
  5234 | D:6      | Reached skill level 5 in Invocations
  5253 | D:6      | Noticed a cyclops
  5454 | D:6      | Killed a cyclops
  5455 | D:6      | Reached XP level 10. HP: 56/76 MP: 13/13
  5697 | D:5      | Bought the +2 Maxwell's thermic engine {flame, freeze, rev}
                  | for 572 gold pieces
  5697 | D:5      | Found the +2 Maxwell's thermic engine {flame, freeze, rev}
  5938 | D:7      | Reached skill level 5 in Long Blades
  6033 | D:7      | Found a snail-covered altar of Cheibriados.
  6224 | D:8      | Bought a scroll labelled DAEPLE GYTZEQ for 18 gold pieces
  6224 | D:8      | Bought an inky potion for 16 gold pieces
  6224 | D:8      | Bought a scroll labelled TUCRADOSUS for 18 gold pieces
  6224 | D:8      | Bought a coppery potion for 16 gold pieces
  6224 | D:8      | Bought a silvery potion for 16 gold pieces
  6224 | D:8      | Bought a scroll labelled WUGIWI JET PIONAL for 18 gold
                  | pieces
  6270 | D:7      | Found a shadowy altar of Dithmenos.
  6343 | D:8      | Reached skill level 4 in Evocations
  6345 | D:8      | Noticed Maggie
  6351 | D:8      | Killed Maggie
  6352 | D:8      | Found a hazy altar of Hepliaklqana.
  6614 | D:8      | Reached *** piety under Makhleb
  6689 | D:8      | Noticed a two-headed ogre
  6697 | D:8      | Killed a two-headed ogre
  6698 | D:8      | Reached skill level 4 in Throwing
  6698 | D:8      | Reached skill level 5 in Dodging
  7132 | D:8      | Noticed a deep elf pyromancer
  7133 | D:8      | Noticed a brown ugly thing
  7144 | D:8      | Killed a brown ugly thing
  7145 | D:8      | Reached skill level 6 in Armour
  7145 | D:8      | Reached skill level 5 in Shields
  7145 | D:8      | Reached skill level 6 in Invocations
  7164 | D:8      | Killed a deep elf pyromancer
  7165 | D:8      | Reached skill level 6 in Long Blades
  7427 | D:6      | Bought a potion of attraction for 42 gold pieces
  7427 | D:6      | Bought a potion of curing for 42 gold pieces
  7427 | D:6      | Bought a potion of berserk rage for 70 gold pieces
  7463 | D:9      | Noticed a two-headed ogre
  7470 | D:9      | Killed a two-headed ogre
  7701 | D:9      | Reached XP level 11. HP: 83/83 MP: 15/15
  7782 | D:9      | Reached skill level 7 in Fighting
  7973 | D:9      | Noticed a purple ugly thing
  7988 | D:9      | Killed a purple ugly thing
  7989 | D:9      | Reached skill level 5 in Evocations
  8146 | D:9      | Found a sparkling altar of Nemelex Xobeh.
  8254 | D:9      | Found an ornate altar of the Wu Jian Council.
  8453 | D:10     | Entered Level 10 of the Dungeon
  8510 | D:10     | Noticed a two-headed ogre
  8521 | D:10     | Killed a two-headed ogre
  8523 | D:10     | HP: 2/84 [troll (8)]
  8524 | D:10     | Mangled by a troll

Illustrated notes

Levels and vault maps discovered:
D:1:      ncdulo_halloftheorcs, layout_basic, serial_shops,
          nicolae_shop_crystal, minmay_misc_feat_more_columns
D:2:      layout_basic, ebering_ecumenical_altar_abandoned,
          hangedman_decor_push, minmay_pentomino_s2, uniq_natasha
D:3:      layout_loops_ring
D:4:      layout_rooms, minmay_temple_entry_junction_2, feat_on_display
D:5:      layout_gridville, trog_three_pillars_becter, serial_shops, shop
D:6:      minmay_klotski, layout_basic, nicolae_stop_n_shop_1,
          chequers_serial_rivers_marsh, minmay_holes, st_stairs_11,
          grunt_ministairs_1, uniq_grinder
D:7:      layout_rooms, cheibrodos_worm_habitat, minitemple, grunt_decor_cap,
          minmay_fractal_squares_gapless_5
D:8:      minmay_cornered_nines, layout_layer_cave,
          mainiacjoe_overflow_chevrons, serial_shops, shop, uniq_maggie
D:9:      layout_irregular_city, mainiacjoe_overflow_concentric_impassable,
          nzn_wu_jian_contemplation, mainiacjoe_overflow_alcove_2
D:10:     layout_irregular_city, david_lair_generic
Temple:   eino_narrow_crystal_temple

Skill      XL: |  1  2  3  4  5  6  7  8  9 10 11 |
---------------+----------------------------------+-----
Axes           | 2 3 4 |  4.8
Armour         | 3 4 5 6 |  6.4
Dodging        | 1 2 3 4 5 |  5.6
Fighting       | 4 5 6 7 |  7.2
Invocations    | 1 2 3 5 6 |  6.9
Throwing       | 1 2 3 4 |  4.7
Evocations     | 1 2 3 4 5 |  5.2
Long Blades    | 1 3 4 6 |  6.7
Shields        | 3 4 5 |  5.5

Action                     |  1- 3 |  4- 6 |  7- 9 | 10-12 || total
---------------------------+-------+-------+-------+-------++-------
  Melee: War axe           |    57 |    98 |   287 |     1 ||   443
         Kick              |     8 |    31 |    94 |    43 ||   176
         Double sword      |       |       |       |   212 ||   212
  Throw: Dart              |       |       |       |     6 ||     6
    Use: Potion            |       |       |     1 |     1 ||     2
 Armour: Scale mail        |    51 |     5 |       |       ||    56
         Chain mail        |       |    58 |   336 |    49 ||   443
         Swamp dragon scal |       |       |       |   250 ||   250
  Dodge: Dodged            |    16 |    32 |   116 |   197 ||   361
  Block: Buckler           |     2 |       |       |       ||     2
         Kite shield       |    15 |    49 |   201 |   192 ||   457

Table legend: (Time is in decaauts)
 A = Elapsed time spent in this place.
 B = Non-inter-level travel time spent in this place.
 C = Inter-level travel time spent in this place.
 D = Time resting spent in this place.
 E = Time spent auto-exploring this place.
 F = Levels seen in this place.
 G = Mean time per level.
                   A        B        C        D        E       F      G
               +--------+--------+--------+--------+--------+-----+--------+
         Total |   8830 |   8079 |    751 |   1326 |   4934 |  11 |  802.7 |
       Dungeon |   8798 |   8063 |    735 |   1326 |   4934 |  10 |  879.8 |
        Temple |     32 |     17 |     15 |      0 |      0 |   1 |   32.0 |
               +--------+--------+--------+--------+--------+-----+--------+

Top non-repeatable levels by time:
     D:8: 1624 daAuts
     D:6: 1429 daAuts
     D:7: 1136 daAuts
     D:9: 1014 daAuts
     D:5: 779 daAuts
     D:1: 761 daAuts
     D:2: 749 daAuts
     D:4: 685 daAuts
     D:3: 542 daAuts
    D:10: 74 daAuts
  Temple: 32 daAuts
